 Dungeon Crawl Stone Soup version 0.30-a0-170-g85af917532 (webtiles) character file.

Game seed: 18285610447521285091

35 qw the Chopper (level 3, -2/23 HPs)
             Began as a Gargoyle Fighter on Sept 30, 2022.
             Slain by a gnoll
             ... wielding a +0 halberd
              (8 damage)
             ... on level 2 of the Dungeon.
             The game lasted 00:00:22 (1344 turns).

qw the Chopper (Gargoyle Fighter)                   Turns: 1344, Time: 00:00:23

Health: -2/23      AC: 10    Str: 21    XL:     3   Next: 33%
Magic:  3/3        EV:  9    Int:  8    God:
Gold:   25         SH:  4    Dex:  9    Spells: 2/2 levels left

rFire   . . .      SeeInvis .    Y - +0 war axe
rCold   . . .      Faith    .    c - +0 buckler
rNeg    + . .      Spirit   .    b - +0 scale mail
rPois   inf        Reflect  .    (no helmet)
rElec   +          Harm     .    (no cloak)
rCorr   .          Rampage  .    (no gloves)
Will    .....                    (no boots)
Stlth   ..........               (no amulet)
HPRegen 0.07/turn                (no ring)
MPRegen 0.08/turn                (no ring)

@: no status effects
A: sickness immunity, AC +3, negative energy resistance 1, electricity
resistance, torment resistance 1, petrification resistance
a: no special abilities


You were on level 2 of the Dungeon.
You visited 1 branch of the dungeon, and saw 2 of its levels.

You collected 25 gold pieces.


Innate Abilities, Weirdness & Mutations

You are immune to sickness and miasma.
Your stone body is resilient. (AC +3)
You are immune to poison.
You resist negative energy. (rN+)
You are resistant to electric shocks. (rElec)
You are resistant to unholy torment.
You are immune to petrification.


   Skills:
 - Level 3.2 Fighting
 + Level 3.3 Axes
 - Level 3.2 Armour
 - Level 3.2 Shields


You had 2 spell levels left.
You didn't know any spells.
Your spell library was empty.

Inventory:

Hand Weapons
 f - a +0 club
 Y - a +0 war axe (weapon)
Armour
 b - a +0 scale mail (worn)
 c - a +0 buckler (worn)
Potions
 d - 2 potions of might
 h - a potion of lignification
 m - a potion of invisibility {unknown}

Dungeon Overview and Level Annotations

Branches:
Dungeon (2/15)

Altars:

Annotations:
D:2 Robin


Message History

Robin throws the goblin at you! You block the goblin's attack.
You slash the dart slug!
The dart slug is severely wounded.
You slash the goblin!
You kill the goblin!
Robin roars a battlecry!
The dart slug misses you.
You hear a shout! x2
You slash the dart slug!
You kill the dart slug!
You hear a shout! x2
Robin closely misses you.
You slash the goblin!
You kill the goblin!
The gnoll closely misses you.
Robin roars a battlecry!
The gnoll hits you from afar with a +0 halberd!
Robin hits you but does no damage.
You hear a shout! x2
A goblin comes into view. It is wielding a +0 club.
The goblin shouts!
The gnoll hits you with a +0 halberd. Robin throws the goblin at you!
A goblin comes into view. It is wielding a +0 dagger.
Items here: %% ))).
You barely miss Robin. You slash the goblin!
You kill the goblin!
You hit the gnoll. The gnoll barely misses you. Robin hits you with a +0 spear.
An ufetubus comes into view.
You closely miss the gnoll.
The gnoll is heavily wounded.
You slash Robin!
The goblin no longer looks unusually strong. x2
The gnoll hits you but does no damage. Robin barely misses you.
You hit Robin.
Robin is severely wounded.
You closely miss the gnoll.
The hobgoblin no longer looks unusually strong.
The gnoll hits you with a +0 halberd!
You die...

#.. .#+#### #...
.......
#...#####.......
.......<#.......
..#.............
#.............
###.)gg...####
###ggg......
#@#.##.###
#)#gwg...
+....)#.##.###
#######g# # gg
#g .


You could see Robin, a gnoll, a hobgoblin and 2 goblins.

Vanquished Creatures
  A dart slug (D:2)
  3 ball pythons (D:1)
  2 endoplasms (D:1)
  A giant cockroach (D:1)
  10 goblins
  3 quokkas (D:1)
  3 bats (D:1)
  3 frilled lizards (D:1)
  3 kobolds (D:1)
  A rat (D:1)
30 creatures vanquished.

Notes
Turn   | Place    | Note
-------+----------+-------------------------------------------
     0 | D:1      | qw the Gargoyle Fighter began the quest for the Orb.
     0 | D:1      | Reached XP level 1. HP: 14/14 MP: 1/1
     0 | D:1      | 0 ||| qw: Version: 0.2-a-12-gaebbb33
     0 | D:1      | 0 ||| qw: Game counter: 1655
     0 | D:1      | 0 ||| qw: Always use a shield: true
     0 | D:1      | 0 ||| qw: God list: Okawaru
     0 | D:1      | 0 ||| qw: Allow faded altars: false
     0 | D:1      | 0 ||| qw: Do Orc after D:15 true
     0 | D:1      | 0 ||| qw: Do second Lair branch before Depths: true
     0 | D:1      | 0 ||| qw: Lair rune preference: random
     0 | D:1      | 0 ||| qw: Plans: Normal, Zot:1-4, God:TSO, Crypt, Tomb,
                  | Pan, Slime:5, Hells, Abyss, Orb
     0 | D:1      | 0 ||| PLANNING D:1-11
   174 | D:1      | HP: 3/14 [endoplasm (2)]
   176 | D:1      | Reached XP level 2. HP: 4/19 MP: 2/2
   522 | D:1      | 522 ||| Stepping ~*~*~tactically~*~*~ (stealth).
   780 | D:1      | Reached skill level 3 in Axes
   986 | D:1      | Found a faded altar of an unknown god.
  1100 | D:1      | Reached XP level 3. HP: 23/23 MP: 3/3
  1172 | D:1      | 1172 ||| DROPPING ring of wizardry.
  1173 | D:1      | 1173 ||| READING scroll labelled MOIHEI NUSOY.
  1174 | D:1      | 1174 ||| READING scroll labelled XUETOFEM SASMUS.
  1175 | D:1      | 1175 ||| READING scroll labelled ZIOLUU DAAXIO.
  1176 | D:1      | 1176 ||| READING scroll labelled BAWKID KIUXIU.
  1177 | D:1      | 1177 ||| READING scroll labelled ATUTIU FELEINA.
  1278 | D:1      | 1278 ||| DRINKING 2 green potions.
  1321 | D:2      | 1321 ||| Stepping ~*~*~tactically~*~*~ (hiding).
  1324 | D:2      | Noticed Robin
  1325 | D:2      | 1325 ||| Stepping ~*~*~tactically~*~*~ (hiding).
  1326 | D:2      | 1326 ||| Stepping ~*~*~tactically~*~*~ (hiding).
  1331 | D:2      | 1331 ||| Stepping ~*~*~tactically~*~*~ (hiding).
  1333 | D:2      | 1333 ||| Stepping ~*~*~tactically~*~*~ (hiding).
  1334 | D:2      | 1334 ||| Stepping ~*~*~tactically~*~*~ (hiding).
  1344 | D:2      | Slain by a gnoll

Levels and vault maps discovered:
D:1:      grunt_arrival_lava_bath, layout_basic, ebering_ecumenical_altar_hall
D:2:      layout_basic, minivault_5, grunt_decor_clamped, uniq_robin

Skill      XL: |  1  2 |
---------------+-------+-----
Axes           | 2 3 |  3.3
Fighting       | |  3.2
Armour         | |  3.2
Shields        | |  3.2

Action                   || total
-------------------------++-------
Melee: War axe           ||    75
  Use: Scroll            ||     5
       Potion            ||     1
Armor: Scale mail        ||    50
Dodge: Dodged            ||    45
Block: Buckler           ||     9

Table legend:
 A = Non-vault XP
 B = Vault XP
 C = Vault XP percentage of total XP
 D = Non-vault monster count
 E = Vault monster count
 F = Vault count percentage of total count
                 A         B        C        D         E       F
            +---------+---------+-------+---------+---------+-------
      Total |      38 |      12 |  24.0 |      23 |       7 |  23.3
            +---------+---------+-------+---------+---------+-------
        D:1 |      34 |       0 |   0.0 |      22 |       0 |   0.0
        D:2 |       4 |      12 |  75.0 |       1 |       7 |  87.5
            +---------+---------+-------+---------+---------+-------
